 Dungeon Crawl Stone Soup version 0.27-a0-242-ge0fc76b88b (webtiles) character file.

Game seed: 10879212641635246320

175 Borgoz the Slasher (level 5, -1/45 HPs)
             Began as a Ghoul Gladiator on Feb 2, 2021.
             Killed by divine providence
             ... invoked by an orc priest
              (9 damage)
             ... on level 4 of the Dungeon.
             The game lasted 00:02:56 (2423 turns).

Borgoz the Slasher (Ghoul Gladiator)                Turns: 2423, Time: 00:02:57

Health: -1/45      AC:  7    Str: 18    XL:     5   Next: 55%
Magic:  4/4        EV: 12    Int:  3    God:
Gold:   176        SH:  0    Dex: 11    Spells: 4/4 levels left

rFire    . . .     SeeInvis .   a - +0 long sword
rCold    + . .     Faith    .   (no shield)
rNeg     + + +     Spirit   .   g - +0 ring mail
rPois    ∞         Reflect  .   c - +0 helmet
rElec    .         Harm     .   (no cloak)
rCorr    +         Rampage  .   o - +0 pair of gloves
Will     .....                  (no boots)
Stlth    +.........             (no amulet)
HPRegen  0.00/turn              (no ring)
MPRegen  0.09/turn              m - ring of resist corrosion

@: brilliant, hasted, very quick
A: claws 1, cold resistance 1, negative energy resistance 3, inhibited
regeneration, torment resistance, unbreathing
a: no special abilities


You were on level 4 of the Dungeon.
You visited 1 branch of the dungeon, and saw 4 of its levels.

You collected 176 gold pieces.

Inventory:

Hand Weapons
 a - a +0 long sword (weapon)
Missiles
 d - 4 throwing nets (quivered)
Armour
 c - a +0 helmet (worn)
 g - a +0 ring mail (worn)
 o - a +0 pair of gloves (worn)
Jewellery
 m - a ring of resist corrosion (right hand)
 p - an uncursed ring of positive energy {unknown}
Scrolls
 f - 3 scrolls of teleportation
 i - 2 scrolls of noise {unknown}
 l - a scroll of magic mapping {unknown}
 n - a scroll of enchant weapon {unknown}
Potions
 b - a potion of flight
 e - a potion of haste
 h - a potion of berserk rage {unknown}
 j - a potion of curing


   Skills:
 + Level 3.3 Fighting
 * Level 4.0 Long Blades
 - Level 1.7 Throwing
 + Level 1.7 Armour
 + Level 3.4 Dodging


You had 4 spell levels left.
You didn't know any spells.
Your spell library was empty.

Dungeon Overview and Level Annotations

Branches:
Dungeon (4/15)
 Temple: D:4-7

Altars:
Cheibriados
Ru


Innate Abilities, Weirdness & Mutations

You thrive by killing the living.
You are immune to poison.
You have sharp fingernails.
Your flesh is cold resistant. (rC+)
You are immune to negative energy. (rN+++)
You do not regenerate when monsters are visible.
You are immune to unholy pain and torment.
You can survive without breathing.


Message History

The magic dart hits you. The orc hits you but does no damage.
The iguana misses you.
You riposte.
You closely miss the iguana.
The iguana is moderately wounded.
You are too injured to fight recklessly!
You are too injured to fight recklessly!
You are too injured to fight recklessly!
You feel clever all of a sudden. Something hits you but does no damage.
The iguana bites you.
* * * LOW HITPOINT WARNING * * *
The orc barely misses you.
You riposte.
You completely miss the orc.
You feel yourself speed up. Something hits you but does no damage.
The iguana closely misses you.
You closely miss the quokka.
The quokka bites you but does no damage.
You hit the quokka but do no damage. The quokka bites you.
* * * LOW HITPOINT WARNING * * *
There is a stone staircase leading up here.
The orc priest invokes the aid of Beogh against you.
Beogh smites you!
You die...

...#..##....(.##..##
......#........#o..#
..............o.o.##
............o......#
.......ooO........##
........olo.......#
###........##...##
#...r..#..#######
###..>@.##...#
#....##.##..##
.....##.##....##
.##. ##.##.......# #
#...##.......#
#.......###.##
###......#...#
...####.#......... #
..................#


You could see an ogre, an iguana, 2 orc priests, an orc wizard, 3 orcs and a
quokka.

Vanquished Creatures
  A water moccasin zombie (D:3)
  Natasha (D:3)
  5 adders
  A worm (D:3)
  A dart slug (D:1)
  A leopard gecko (D:1)
  5 orcs (D:3)
  A ball python (D:3)
  A giant cockroach (D:2)
  3 goblins
  4 hobgoblins
  4 jackals (D:3)
  5 bats
  2 frilled lizards
  4 kobolds
  4 rats
43 creatures vanquished.

Vanquished Creatures (others)
  8 plants (D:3)
8 creatures vanquished.

Grand Total: 51 creatures vanquished

Notes
Turn   | Place    | Note
-------+----------+-------------------------------------------
     0 | D:1      | Borgoz the Ghoul Gladiator began the quest for the Orb.
     0 | D:1      | Reached XP level 1. HP: 17/17 MP: 0/0
   325 | D:1      | Reached XP level 2. HP: 20/25 MP: 1/1
   382 | D:1      | You fall into a shaft and drop 1 floor!
   596 | D:1      | Reached skill level 3 in Long Blades
   884 | D:2      | Reached XP level 3. HP: 30/30 MP: 2/2
  1113 | D:2      | Reached skill level 1 in Armour
  1200 | D:2      | Found a snail-covered altar of Cheibriados.
  1372 | D:2      | Reached XP level 4. HP: 37/37 MP: 3/3
  1580 | D:3      | Found a sacrificial altar of Ru.
  1683 | D:3      | Reached XP level 5. HP: 33/45 MP: 4/4
  1901 | D:3      | Noticed Natasha
  1910 | D:3      | Killed Natasha
  1952 | D:3      | Reached skill level 4 in Long Blades
  2403 | D:4      | Noticed an ogre
  2423 | D:4      | Killed from afar by an orc priest

Illustrated notes

Levels and vault maps discovered:
D:1:      lightli_arrival_statue_moat, layout_rooms,
          kennysheep_decorative_pillar, st_stairs_8
D:2:      layout_rooms, old_standard_altar
D:3:      wad_lake_hut, layout_basic, hangedman_ru_absence, uniq_natasha
D:4:      layout_cave_pools

Skill      XL: |  1  2  3  4  5 |
---------------+----------------+-----
Long Blades    | 3 4 |  4.0
Dodging        | 3 |  3.4
Armour         | 1 |  1.7
Fighting       | 3 |  3.3
Throwing       | |  1.7

Action                   |  1- 3 |  4- 6 || total
-------------------------+-------+-------++-------
Melee: Long sword        |    81 |    75 ||   156
  Use: Scroll            |     4 |     1 ||     5
       Potion            |       |     2 ||     2
Armor: Leather armour    |     4 |       ||     4
       Ring mail         |    33 |    42 ||    75
Dodge: Dodged            |    44 |    58 ||   102
       Rpst.: Long sword |    13 |    24 ||    37

Table legend: (Time is in decaauts)
 A = Elapsed time spent in this place.
 B = Non-inter-level travel time spent in this place.
 C = Inter-level travel time spent in this place.
 D = Time resting spent in this place.
 E = Time spent auto-exploring this place.
 F = Levels seen in this place.
 G = Mean time per level.
                   A        B        C        D        E       F      G
               +--------+--------+--------+--------+--------+-----+--------+
         Total |   2488 |   2365 |    123 |      0 |   1973 |   4 |  622.0 |
       Dungeon |   2488 |   2365 |    123 |      0 |   1973 |   4 |  622.0 |
               +--------+--------+--------+--------+--------+-----+--------+

Top non-repeatable levels by time:
     D:3: 933 daAuts
     D:2: 763 daAuts
     D:1: 726 daAuts
     D:4: 66 daAuts
